 Dungeon Crawl Stone Soup version 0.16.1-11-g651b585 (webtiles) character file.

1034 sugabear the Ducker (level 8, 0/60 HPs)
             Began as a Mummy Gladiator on Apr 3, 2015.
             Was an Initiate of Gozag.
             Slain by a gnoll
             ... wielding a +0 spear
              (2 damage)
             ... on level 7 of the Dungeon.
             The game lasted 00:09:03 (4895 turns).

sugabear the Ducker (Mummy Gladiator)               Turns: 4895, Time: 00:09:03

Health: 0/60       AC:  6    Str: 19    XL:     8   Next: 3%
Magic:  8/8        EV: 14    Int: 10    God:    Gozag
Gold:   574        SH:  0    Dex: 13    Spells: 0 memorised, 7 levels left

rFire  x . .     SeeInvis +     r - +2 trident (venom)
rCold  + . .     Clarity  .     b - +0 leather armour
rNeg   + + +     SustAb   .     (no shield)
rPois  ∞         Gourm    .     g - +1 hat
rElec  .         Spirit   .     (no cloak)
rCorr  .         Warding  .     j - +0 pair of gloves
rMut   .         Stasis   .     t - +0 pair of boots
MR     +....                    n - amulet of regeneration (curse)
Stlth  +.........               p - ring of see invisible
                                o - +3 ring of intelligence

@: somewhat resistant to hostile enchantments, very unstealthy
A: no food or potions, fire vulnerability, restore body, cold resistance 1,
negative energy resistance 3, poison resistance, torment resistance, unbreathing
a: Potion Petition, Call Merchant, Bribe Branch, Renounce Religion


You were on level 7 of the Dungeon.
You worshipped Gozag.
Gozag was noncommittal.
You were not hungry.

You visited 1 branch of the dungeon, and saw 7 of its levels.
You also visited: Ossuary.

You collected 666 gold pieces.
You paid 92 gold pieces to Gozag.

Inventory:

Hand weapons
 a - a cursed +0 quarterstaff
 r - a +2 trident of venom (weapon)
Missiles
 d - 3 throwing nets (quivered)
Armour
 b - a +0 leather armour (worn)
 c - a +0 helmet
 g - a +1 hat (worn)
 j - a +0 pair of gloves (worn)
 t - a +0 pair of boots (worn)
Jewellery
 n - a cursed amulet of regeneration (around neck)
 o - a +3 ring of intelligence (left hand)
 p - a ring of see invisible (right hand)
Scrolls
 e - a scroll of random uselessness {unknown}
 f - 8 scrolls of teleportation {unknown}
 h - 3 scrolls of amnesia {unknown}
 i - 6 scrolls of identify {unknown}
 k - a scroll of enchant armour {unknown}
 l - 3 scrolls of enchant weapon {unknown}
 m - 5 scrolls of remove curse {unknown}
 q - 2 scrolls of fear {unknown}
 s - a scroll of immolation {unknown}


   Skills:
 + Level 4.3 Fighting
 + Level 2.6(3.4) Polearms
 + Level 3.4(3.9) Staves
 + Level 1.6 Throwing
 + Level 3.4 Armour
 + Level 5.0 Dodging
 * Level 0.8 Stealth


You had 7 spell levels left.
You didn't know any spells.

Dungeon Overview and Level Annotations

Branches:
Dungeon (7/15)
 Temple: D:4-7

Altars:
Dithmenos
Fedhas
Gozag
Kikubaaqudgha
Ru
Trog
Zin


Innate Abilities, Weirdness & Mutations

You do not eat or drink.
Your flesh is vulnerable to fire.
Your flesh is cold resistant.
You are immune to negative energy.
Your system is resistant to poisons.
You are immune to unholy pain and torment.
You can survive without breathing.


Message History

5 gold pieces; a scythe of slicing; a runed robe; 2 sedimented green potions The gnoll hits you from afar with a spear of flaming.
The gnoll burns you.
You hit the gnoll.
The gnoll is poisoned.
The gnoll is lightly wounded.
The gnoll hits you with a club!
* * * LOW HITPOINT WARNING * * *
The gnoll hits you from afar with a spear.
* * * LOW HITPOINT WARNING * * *
The gnoll misses you. The gnoll barely misses you.
The gnoll hits you from afar with a spear.
* * * LOW HITPOINT WARNING * * *
The gnoll hits you from afar with a spear of flaming.
* * * LOW HITPOINT WARNING * * *
The gnoll burns you.
* * * LOW HITPOINT WARNING * * *
The gnoll hits you from afar with a spear.
You die...
Your body crumbles into a pile of gold.

########
#......#
#..g@..#
#gg....#
#......###
#.........
#...[.....
#......##..
...<....##
.........
.........


You could see 3 gnolls.

Vanquished Creatures
  The ghost of sugabear the Sneak, an average OpEn (D:4)
  A centaur (D:5)
  Sigmund (D:7)
  An elf zombie (Ossuary)
  A scorpion (D:4)
  2 centaur zombies (Ossuary)
  2 hounds (D:4)
  A jelly (D:5)
  2 orc priests
  3 iguanas (D:5)
  2 orc wizards
  4 worker ants
  A big kobold zombie (Ossuary)
  2 mummies (Ossuary)
  5 adders
  A shadow imp (D:6)
  An adder skeleton (D:6)
  3 adder zombies
  5 giant geckos
  An ooze (D:2)
  7 orcs
  4 ball pythons
  5 bats
  3 giant cockroaches
  7 hobgoblins
  9 jackals
  2 quokkas
  8 giant newts
  7 goblins
  A goblin zombie (Ossuary)
  13 hobgoblin zombies (Ossuary)
  A jackal zombie (Ossuary)
  9 kobolds
  8 kobold zombies (Ossuary)
  7 orc zombies (Ossuary)
  A quokka zombie (D:5)
  14 rats
146 creatures vanquished.

Vanquished Creatures (others)
  A worker ant (D:6)
  An iguana (D:6)
2 creatures vanquished.

Grand Total: 148 creatures vanquished

Notes
Turn   | Place    | Note
--------------------------------------------------------------
     0 | D:1      | sugabear, the Mummy Gladiator, began the quest for the Orb.
     0 | D:1      | Reached XP level 1. HP: 16/16 MP: 1/1
    99 | D:1      | Reached XP level 2. HP: 15/22 MP: 2/2
   617 | D:1      | Reached XP level 3. HP: 18/27 MP: 3/3
   992 | D:2      | Reached skill level 1 in Armour
  1006 | D:2      | Found a blossoming altar of Fedhas.
  1008 | D:2      | Found an ancient bone altar of Kikubaaqudgha.
  1094 | D:2      | Reached skill level 3 in Staves
  1187 | D:2      | Reached XP level 4. HP: 7/34 MP: 4/4
  2081 | D:3      | Found a sacrificial altar of Ru.
  2189 | D:4      | Found a glowing silver altar of Zin.
  2189 | D:4      | Found an opulent altar of Gozag.
  2223 | D:4      | Became a worshipper of Gozag Ym Sagoz the Greedy
  2322 | D:4      | Noticed sugabear's ghost (average OpEn)
  2334 | D:4      | Killed sugabear's ghost
  2334 | D:4      | Reached XP level 5. HP: 39/41 MP: 5/5
  2364 | D:4      | Found a shadowy altar of Dithmenos.
  2364 | D:4      | Found a bloodstained altar of Trog.
  2428 | D:4      | Reached XP level 6. HP: 44/47 MP: 6/6
  2916 | D:5      | Entered Level 5 of the Dungeon
  2940 | D:5      | Found a sand-covered staircase.
  2964 | D:5      | Reached skill level 4 in Dodging
  3004 | Ossuary  | Entered an ossuary
  3341 | Ossuary  | Reached skill level 1 in Polearms
  3341 | Ossuary  | Reached XP level 7. HP: 43/52 MP: 7/7
  4872 | D:6      | You fall through a shaft!
  4872 | D:7      | Noticed Sigmund
  4887 | D:7      | Killed Sigmund
  4887 | D:7      | Reached skill level 5 in Dodging
  4887 | D:7      | Reached XP level 8. HP: 27/60 MP: 8/8
  4894 | D:7      | HP: 1/60 [gnoll/spear of flaming (3)]
  4895 | D:7      | Slain by a gnoll

Action                   |  1- 3 |  4- 6 |  7- 9 || total
-------------------------+-------+-------+-------++-------
Melee: Quarterstaff      |   153 |    39 |       ||   192
       Trident           |       |   111 |   207 ||   318
